 Dungeon Crawl Stone Soup version 0.32-a0-876-gcfddb08e57 (webtiles) character file.

Game seed: 6347857912012066039

8624 Armakuni the Prestidigitator (level 11, -2/79 HPs)
             Began as a Human Artificer on Mar 31, 2024.
             Was a Priest of Elyvilon.
             Slain by a wyvern (5 damage)
             ... on level 10 of the Dungeon on Apr 1, 2024.
             The game lasted 00:26:40 (9758 turns).

Armakuni the Prestidigitator (Human Artificer)      Turns: 9758, Time: 00:26:41

Health: -2/79      AC:  8    Str: 17    XL:     11   Next: 33%
Magic:  14/18      EV: 11    Int: 11    God:    Elyvilon [***...]
Gold:   739        SH:  0    Dex: 14    Spells: 8/10 levels left

rFire   . . .        b - +3 falchion (elec)
rCold   . . .        (no shield)
rNeg    + . .        h - +0 acid dragon scales
rPois   +            (no helmet)
rElec   .            (no cloak)
rCorr   +            (no gloves)
SInv    .            (no boots)
Will    .....        A - amulet of the acrobat
Stlth   +            P - ring of poison resistance
HPRegen 0.33/turn    N - ring of positive energy
MPRegen 0.16/turn

%: acrobat
@: no status effects
A: explore regen
a: Renounce Religion, Purification, Heal Other, Heal Self


You were on level 10 of the Dungeon.
You worshipped Elyvilon.
Elyvilon was most pleased with you.
You visited 2 branches of the dungeon, and saw 11 of its levels.
You also visited: Sewer.

You collected 739 gold pieces.

Inventory:

Hand Weapons
 a - a +4 rapier of venom
 b - a +3 falchion of electrocution (weapon)
 j - a +4 trident of flaming
 t - a +4 mace
 u - a +0 quarterstaff
Armour
 h - +0 acid dragon scales (worn)
 w - a +0 buckler
Jewellery
 A - an amulet of the acrobat (around neck)
 H - an amulet of reflection
 N - a ring of positive energy (right hand)
 P - a ring of poison resistance (left hand)
Talismans
 s - a granite talisman
Wands
 p - a wand of polymorph (5)
Scrolls
 c - a scroll of teleportation
 e - 2 scrolls of fog
 i - 2 scrolls of blinking
 l - a scroll of immolation
 v - a scroll of noise {unknown}
 y - 3 scrolls of fear
Potions
 d - 4 potions of curing
 f - a potion of cancellation {unknown}
 g - a potion of haste
 k - a potion of mutation
 m - 2 potions of heal wounds
 n - a potion of enlightenment
 o - a potion of attraction
 q - 2 potions of magic
 r - a potion of degeneration {unknown}
 x - a potion of lignification {unknown}
 z - a potion of brilliance {unknown}
 C - 2 potions of might {unknown}


   Skills:
 - Level 5.0 Fighting
 - Level 9.3 Armour
 - Level 2.5 Dodging
 - Level 1.0 Stealth
 + Level 3.9 Conjurations
 - Level 10.0 Invocations
 - Level 10.0 Evocations


You had 8 spell levels left.
You knew the following spells:

 Your Spells              Type           Power      Damage    Failure   Level
z - Searing Ray           Conj           16%        2d5       14%         2

Your spell library contained the following spells:

 Spells                   Type           Power      Damage    Failure   Level
 Magic Dart               Conj           32%        1d4       9%          1
 Kiss of Death            Conj/Necr      16%        2d6       21%         1
 Sandblast                Erth           0%         2d4       41%         1
 Hailstorm                Conj/Ice       4%         3d5       52%         3
 Stone Arrow              Conj/Erth      8%         3d7       52%         3
 Cigotuvi's Dreadful Rot  Necr/Alch/Air  0%         N/A       56%         2
 Ensorcelled Hibernation  Hex/Ice        0%         N/A       56%         2
 Scorch                   Fire           0%         2d5       56%         2
 Confusing Touch          Hex            0%         N/A       80%         3
 Passwall                 Erth           0%         N/A       80%         3
 Summon Ice Beast         Ice/Summ       0%         N/A       80%         3
 Swiftness                Air            0%         N/A       80%         3
 Brom's Barrelling Bould  Conj/Erth      4%         2d3       90%         4
 Flame Wave               Conj/Fire      4%         2d5       90%         4
 Fulminant Prism          Conj/Alch      2%         3d5       90%         4
 Dispel Undead            Necr           0%         3d6       99%         4
 Martyr's Knell           Necr/Summ      0%         N/A       99%         4
 Permafrost Eruption      Ice/Erth       0%         2x4d1     100%        6
 Sculpt Simulacrum        Ice/Alch       0%         N/A       100%        6
 Summon Cactus Giant      Summ           0%         N/A       100%        6


Dungeon Overview and Level Annotations

Branches:
Dungeon (10/15)            Temple (1/1) D:7           Sewer (visited)
   Lair: D:8-11         Orc: D:9-12

Altars:
Ashenzari
Cheibriados
Dithmenos
Elyvilon
Fedhas
Gozag
Hepliaklqana
Kikubaaqudgha
Makhleb
Nemelex Xobeh
Okawaru
Qazlal
Ru
Sif Muna
Trog
Uskayaw
Vehumet
Wu Jian
Xom
Yredelemnul
Zin
The Shining One

Shops:
D:5 *


Innate Abilities, Weirdness & Mutations

You regain HP and MP as you explore.


Message History

The wyvern is moderately wounded.
The wyvern barely misses you. The wyvern misses you.
You hit the wyvern.
The wyvern is heavily wounded.
The wyvern bites you! x2
You closely miss the wyvern.
The wyvern is heavily wounded.
The wyvern bites you! x2
You are too injured to fight recklessly!
You are too injured to fight recklessly!
You barely miss the wyvern.
The wyvern is heavily wounded.
The wyvern bites you but does no damage. x2
You hit the wyvern but do no damage.
The wyvern is heavily wounded.
The wyvern completely misses you. The wyvern closely misses you.
You hit the wyvern but do no damage.
The wyvern is heavily wounded.
The wyvern bites you!
* * * LOW HITPOINT WARNING * * *
The wyvern bites you!
* * * LOW HITPOINT WARNING * * *
You hit the wyvern.
The wyvern is severely wounded.
The wyvern bites you.
* * * LOW HITPOINT WARNING * * *
You barely miss the wyvern.
The wyvern is severely wounded.
The wyvern closely misses you. The wyvern bites you!
Elyvilon protects you from harm!
Press: ? - help, Dir - move target, f - wyvern Heal: a wyvern (severely wounded, chance to pacify: 88%)
The light of Elyvilon fails to reach the wyvern.
The wyvern barely misses you. The wyvern bites you.
* * * LOW HITPOINT WARNING * * *
Press: ? - help, Dir - move target, f/p - wyvern Heal: a wyvern (severely wounded, chance to pacify: 88%)
The wyvern turns neutral.
You heal the wyvern.
The wyvern is completely healed.
The wyvern bites you.
You die...

+.# #....#.......#.#....
#.# #....#####+###.'....
#.......>......#....
#.######..########....#....
..........#......#....#....
..........#......#....##''#
..........#......#.........
..........#......#.........
..........@k.....#.........
..........#......#.........
..........##.....#.........
###........ .....#.........
#........ ....##........
#........# .....#........
#........# .... ........##
....


You could see a neutral wyvern (wandering).

Vanquished Creatures
  2 two-headed ogres
  Pikel (D:4)
  A troll (D:10)
  A hornet (D:9)
  A wyvern (D:9)
  Eustachio (D:5)
  8 yaks
  A fire bat (D:10)
  Menkaure (D:5)
  An acid dragon (D:9)
  A water moccasin (D:5)
  Duvessa (D:5)
  A crocodile (Sewer)
  2 ogres
  2 centaurs
  A phantom (D:4)
  A lemure (D:4)
  3 kobold brigands
  7 bullfrogs
  Blork the orc (D:6)
  2 gnoll sergeants
  2 scorpions
  13 wights
  4 howler monkeys
  2 bombardier beetles
  8 hounds
  Crazy Yiuf (D:5)
  2 jellies (D:6)
  6 orc priests
  A sleepcap (D:5)
  Ijyb (D:5)
  An iguana (D:5)
  11 orc wizards
  7 adders
  10 gnolls
  2 shadow imps (D:7)
  2 ufetubi (D:6)
  2 dart slugs (D:2)
  2 ribbon worms
  44 orcs
  5 bats
  6 endoplasms
  5 giant cockroaches
  7 goblins
  9 hobgoblins
  10 jackals
  6 quokkas
  13 ball pythons
  A frilled lizard (D:2)
  24 kobolds
  4 rats
251 creatures vanquished.

Vanquished Creatures (collateral kills)
  A two-headed ogre (D:10)
  A yak (D:8)
  A lemure (D:4)
  2 wights (D:7)
  Dowan (D:5)
  A gnoll (D:4)
  A goblin (D:2)
  2 kobolds (D:8)
10 creatures vanquished.

Vanquished Creatures (others)
  5 yaks
  A wyvern (D:10)
  A bullfrog (D:8)
  2 wights
  A gnoll bouda (D:4)
  A gnoll (D:4)
  An orc (D:8)
12 creatures vanquished.

Grand Total: 273 creatures vanquished

Notes
Turn   | Place    | Note
-------+----------+-------------------------------------------
     0 | D:1      | Armakuni the Human Artificer began the quest for the Orb.
     0 | D:1      | Reached XP level 1. HP: 15/15 MP: 1/1
    96 | D:1      | Reached XP level 2. HP: 3/21 MP: 2/2
   521 | D:1      | You fall into a shaft and drop 1 floor!
   532 | D:2      | Reached XP level 3. HP: 25/26 MP: 3/3
  1411 | D:3      | Found a white marble altar of Elyvilon.
  1419 | D:3      | Became a worshipper of Elyvilon the Healer
  1445 | D:3      | Reached XP level 4. HP: 29/32 MP: 4/4
  1499 | D:3      | Reached skill level 5 in Evocations
  1627 | D:3      | Reached XP level 5. HP: 31/37 MP: 5/5
  1987 | D:4      | Noticed a phantom
  2045 | D:4      | Reached * piety under Elyvilon
  2139 | D:4      | Noticed a lemure
  2141 | D:4      | Noticed a lemure
  2158 | D:4      | Killed a lemure
  2163 | D:4      | Killed a lemure
  2185 | D:4      | Noticed Pikel
  2190 | D:4      | Noticed a lemure
  2191 | D:4      | Noticed a lemure
  2196 | D:4      | Killed Pikel
  2197 | D:4      | Reached XP level 6. HP: 12/43 MP: 6/6
  2197 | D:4      | Reached XP level 7. HP: 14/48 MP: 7/7
  2781 | D:4      | Reached XP level 8. HP: 49/54 MP: 8/8
  3164 | D:5      | Entered Level 5 of the Dungeon
  3194 | D:5      | Reached skill level 10 in Evocations
  3206 | D:5      | Reached ** piety under Elyvilon
  3263 | D:5      | Reached skill level 1 in Invocations
  3271 | D:5      | Found a glowing drain.
  3292 | Sewer    | Entered a sewer
  3588 | D:5      | Noticed Eustachio
  3598 | D:5      | Noticed Dowan
  3676 | D:5      | Noticed Duvessa
  3679 | D:5      | Killed Dowan
  3680 | D:5      | Reached skill level 5 in Invocations
  3686 | D:5      | Was placed under penance by Elyvilon
  3688 | D:5      | Killed Duvessa
  3730 | D:5      | Killed Eustachio
  3747 | D:5      | Reached XP level 9. HP: 22/59 MP: 13/13
  3777 | D:5      | Noticed Ijyb
  3789 | D:5      | Killed Ijyb
  3878 | D:5      | Found a runed translucent door.
  3879 | D:5      | Noticed Crazy Yiuf
  3971 | D:5      | Found a stormy altar of Qazlal.
  4052 | D:5      | Noticed Menkaure
  4054 | D:5      | Killed Menkaure
  4205 | D:5      | Found Zin's Purification Station.
  4208 | D:5      | Found a glowing silver altar of Zin.
  4493 | D:5      | Killed Crazy Yiuf
  4495 | D:5      | Identified the +12 hammer of Springtime {drain, rF+ SInv}
  4566 | D:6      | Was forgiven by Elyvilon
  4805 | D:6      | Noticed Blork the orc
  4831 | D:6      | Killed Blork the orc
  4989 | D:6      | Found an opulent altar of Gozag.
  4990 | D:6      | Found a sparkling altar of Nemelex Xobeh.
  5539 | D:7      | Reached *** piety under Elyvilon
  5757 | D:7      | Reached skill level 5 in Fighting
  6076 | D:7      | Found a staircase to the Ecumenical Temple.
  6084 | Temple   | Entered the Ecumenical Temple
  6358 | D:7      | Found a sacrificial altar of Ru.
  6690 | D:7      | Reached XP level 10. HP: 71/73 MP: 16/16
  7388 | D:8      | Identified the +0 leather armour of the Arcadian Hippo
                  | {rC++ Will+}
  7657 | D:8      | Noticed a two-headed ogre
  7658 | D:8      | Reached **** piety under Elyvilon
  7677 | D:8      | Killed a two-headed ogre
  7678 | D:8      | Reached skill level 10 in Invocations
  7713 | D:8      | Reached skill level 5 in Armour
  7811 | D:8      | Found a glowing golden altar of the Shining One.
  7819 | D:8      | Found a broken altar of Ashenzari.
  7819 | D:8      | Found a radiant altar of Vehumet.
  7832 | D:8      | Found a burning altar of Makhleb.
  7835 | D:8      | Found an ancient bone altar of Kikubaaqudgha.
  8918 | D:10     | Entered Level 10 of the Dungeon
  8918 | D:10     | Noticed a two-headed ogre
  8922 | D:10     | Noticed a two-headed ogre
  8932 | D:10     | Killed a two-headed ogre
  8933 | D:10     | Reached XP level 11. HP: 79/79 MP: 18/18
  8940 | D:10     | Killed a two-headed ogre
  9025 | D:10     | Learned a level 2 spell: Searing Ray
  9092 | D:10     | Reached skill level 1 in Conjurations
  9206 | D:10     | Noticed Psyche
  9403 | D:10     | Psyche changed into Psyche the fire bat
  9403 | D:10     | Noticed Psyche
  9414 | D:10     | Killed Psyche the fire bat
  9756 | D:10     | Elyvilon protects you from harm!
  9757 | D:10     | HP: 3/79 [wyvern (5)]
  9758 | D:10     | Slain by a wyvern

Illustrated notes

Levels and vault maps discovered:
D:1:      minmay_arrival_arboretum_small, layout_loops_ring, serial_shops,
          nicolae_shop_just_a_little_nook
D:2:      layout_basic
D:3:      layout_basic, elyvilon_altar_3, amcnicky_mini_corridor_feature,
          minivault_4
D:4:      layout_loops_ring, dreamdust_wishing_well, nicolae_the_louvre,
          uniq_pikel
D:5:      layout_basic, nicolae_qazlal_eye_of_the_storm, zin_purify,
          cheibrodos_sewer_entry_drain, cheibrodos_gnoll_hut,
          uniq_crazy_yiuf_cottage, uniq_eustachio, uniq_ijyb, uniq_duvessa,
          uniq_menkaure
D:6:      layout_loops_ring, grunt_temple_overflow_opulence, uniq_blork_the_orc
D:7:      layout_layer_cave, nicolae_overflow_hidden_temple,
          minmay_temple_entry_glassed_door
D:8:      layout_loops_ring, minmay_overflow_temple_star_hex
D:9:      layout_cave_pools
D:10:     layout_irregular_city, lair_entry_dummy, serial_shops,
          nicolae_shop_scrapyard, uniq_psyche
Temple:   nicolae_temple_ecumenical_triangle

Skill      XL: |  1  2  3  4  5  6  7  8  9 10 11 |
---------------+----------------------------------+-----
Evocations     | 4 5 8 9 10 | 10.0
Invocations    | 6 8 10 | 10.0
Fighting       | 5 |  5.0
Dodging        | 2 |  2.5
Armour         | 8 9 |  9.3
Conjurations   | 3 |  3.9
Stealth        | |  1.0

Action                     |  1- 3 |  4- 6 |  7- 9 | 10-12 || total
---------------------------+-------+-------+-------+-------++-------
  Melee: Short sword       |    60 |       |       |       ||    60
         Club              |     8 |       |       |       ||     8
         Falchion          |    45 |    86 |   162 |    53 ||   346
         Rapier            |       |       |   204 |   167 ||   371
 Invoke: Heal Self         |       |       |     1 |     5 ||     6
         Purification      |       |       |       |     3 ||     3
         Heal Other        |       |       |       |     9 ||     9
  Evoke: Wand              |       |    13 |    50 |    25 ||    88
    Use: Scroll            |     7 |     1 |     9 |     2 ||    19
         Potion            |       |       |     1 |       ||     1
   Stab: Sleeping          |     3 |       |       |       ||     3
         Paralysed         |       |       |     9 |    10 ||    19
 Armour: Leather armour    |    32 |       |   243 |    96 ||   371
         Ring mail         |    30 |    55 |    53 |       ||   138
         Acid dragon scale |       |       |       |   113 ||   113
         Skin              |       |       |       |     3 ||     3
  Dodge: Dodged            |    63 |    65 |   310 |   177 ||   615

Table legend: (Time is in decaauts)
 A = Elapsed time spent in this place.
 B = Non-inter-level travel time spent in this place.
 C = Inter-level travel time spent in this place.
 D = Time resting spent in this place.
 E = Time spent auto-exploring this place.
 F = Levels seen in this place.
 G = Mean time per level.
                   A        B        C        D        E       F      G
               +--------+--------+--------+--------+--------+-----+--------+
         Total |   9936 |   9653 |    283 |   1061 |   5657 |  12 |  828.0 |
       Dungeon |   9775 |   9492 |    283 |   1061 |   5579 |  10 |  977.5 |
        Temple |      1 |      1 |      0 |      0 |      0 |   1 |    1.0 |
         Sewer |    158 |    158 |      0 |      0 |     78 |   1 |  158.0 |
               +--------+--------+--------+--------+--------+-----+--------+

Top non-repeatable levels by time:
     D:7: 1550 daAuts
     D:5: 1266 daAuts
     D:4: 1187 daAuts
     D:8: 1023 daAuts
     D:9: 1012 daAuts
     D:6: 960 daAuts
     D:3: 894 daAuts
    D:10: 714 daAuts
     D:2: 645 daAuts
     D:1: 522 daAuts
   Sewer: 158 daAuts
  Temple: 1 daAuts
